Unix NetHack Version 5.0.0-0 post-release - last build May 17 2026 04:57:42 (dc50c8380fa5e20985bfe3072449f57b8d9895ef,branch:main).

Game began 2026-05-17 23:03:51, ended 2026-05-17 23:11:48.

ArrBianca, lawful female dwarven Archeologist

                                                ----    ----
                               ----   ----      |..---  |..--
                               |.)--  |..| -----|....|  |...|
                               |...----..---...--....----..-
                               --...........*)...*........-  ---
                                ---........--..--.........|  ..|
                                  |-.......|----|.........---..---
               --                 |........---  |................|
               .|                 --.--......|  --...............|
               .-                  -----.....|   |..|............|
               .                      --.....--  ---|...........--
               .-                     |.......--    --<.......---
              |.|                     |...*^...--    |........|
              |.|                     |-........------........-
             --.|          # ##--------..........*.........--...
            --..----      h##-............................-| ---
          -........|  #    #..@.-----..--..---.|.........*.|
          ----..--.--######-.----   |..||..|  ---....--.----
             ----|....##.....|      --------    |....|---
                 ---......##--                  --..--
                   ---#-###*                     ----
ArrBianca the Field Worker  St:18 Dx:8 Co:11 In:14 Wi:15 Ch:10  Lawful
Dlvl:3  $:28 HP:0(27) Pw:10(10) AC:9  Xp:3 T:1447 

Latest messages:
 You flick your bullwhip towards the iguana.
 You miss the iguana.
 You miss the iguana.
 The iguana bites!
 You lash the iguana!
 The iguana bites!
 You kill the iguana!
 You are still in a pit.
 You are still in a pit.
 You are still in a pit.
 You crawl to the edge of the pit.
 You hear crashing rock.
 G - a newt corpse.
 You see here a mace.
 A little dart shoots out at you!
 You are hit by a little dart.
 x - 10 darts (at the ready) (19 in total).
 H - a black gem.
 What do you want to use or apply? [ae-htD or ?*] g
 What do you want to rub on the stone? [$H or ?*] H
 H - a worthless piece of black glass.
 What do you want to drop? [$a-tv-zDEGH or ?*] H
 You drop a worthless piece of black glass.
 You stop waiting.
 You lash the iguana!
 You lash the iguana!
 You kill the iguana!
 I - an iron wand.
 You see here a white gem.
 J - a white gem.
 What do you want to use or apply? [ae-htDI or ?*] g
 What do you want to rub on the stone? [$J or ?*] L
 You don't have that object.
 What do you want to rub on the stone? [$J or ?*] J
 J - a dilithium crystal.
 What do you want to use or apply? [ae-htDI or ?*] h
 What do you want to stash? [$a-gi-tv-zDEGIJ or ?*] J
 You put a dilithium crystal into the sack.
 The kobold lady hits!
 You lash the kobold lady!
 The kobold lady hits!
 You feel tough!
 You must have been leading a healthy life-style.
 You hear crashing rock.
 You stop waiting.
 You kill the gas spore!
 Boom!
 You are caught in the gas spore's explosion!
 It is fatal.
 Do you want an account of creatures vanquished? [ynaq] (y) q

Inventory:
 Coins    ('$')
  $ - 28 gold pieces
 Weapons  (')')
  l - 10 +0 crossbow bolts
  x - 19 +0 darts (at the ready)
  a - a +2 bullwhip (weapon in right hand)
 Armor    ('[')
  c - an uncursed +0 fedora (being worn)
  j - an uncursed +0 leather armor
  b - an uncursed +0 leather jacket (being worn)
 Comestibles  ('%')
  o - an uncursed cram ration
  t - 2 uncursed cream pies
  d - 3 uncursed food rations
  E - 2 uncursed lembas wafers
  w - an uncursed homemade tin of jackal meat
  p - an uncursed homemade tin of yellow mold
  q - an uncursed lichen corpse
  G - an uncursed newt corpse
 Scrolls  ('?')
  i - an uncursed scroll of destroy armor
  k - an uncursed scroll of enchant armor
  z - an uncursed scroll of enchant armor
  s - 2 uncursed scrolls of light
  r - an uncursed scroll of teleportation
 Potions  ('!')
  m - an uncursed potion of gain energy
  y - an uncursed potion of healing
  v - a blessed potion of invisibility
  n - a cursed potion of sickness
 Wands    ('/')
  I - a wand of cancellation (0:6)
  D - a wand of make invisible (0:7)
 Tools    ('(')
  h - an uncursed sack containing 1 item
  e - a +0 pick-axe (alternate weapon; not wielded)
  f - a tinning kit (0:81)
 Gems/Stones  ('*')
  g - an uncursed touchstone

Contents of the sack:
  an uncursed dilithium crystal

ArrBianca the Archeologist's attributes:

Background:
 You were a Field Worker, a level 3 female dwarven Archeologist.
 You were lawful, nominally on a mission for Quetzalcoatl
 who was opposed by Camaxtli (neutral) and Huhetotl (chaotic).
 You were right-handed.
 You were in the Gnomish Mines, on level 3.
 You entered the dungeon 1447 turns ago.
 It was nighttime.
 There was a new moon in effect when your adventure ended.
 You had 74 experience points, 6 more were needed to attain level 4.

Basics:
 You had 0 out of 27 hit points.
 You had all 10 energy points (spell power).
 Your armor class was 9.
 Your wallet contained 28 zorkmids.
 Autopickup was on for '$?!/="+%' plus thrown, with exceptions.

Final Characteristics:
 Your strength was 18 (limit:18/100).
 Your dexterity was 8 (limit:20).
 Your constitution was 11 (limit:20).
 Your intelligence was 14 (limit:16).
 Your wisdom was 15 (limit:16).
 Your charisma was 10 (limit:16).

Final Status:
 You weren't hungry.
 You were unencumbered.
 You were wielding a whip.
 You had basic skill with whip.

Final Attributes:
 You were devoutly aligned.
 You had automatic searching.
 You had infravision.
 You were lucky.
 You are dead.

Miscellaneous:
 You didn't encounter any bones levels.
 Total elapsed playing time was 7 minutes and 57 seconds.

Major events:
 Turn
    1: ArrBianca the lawful female dwarven Archeologist entered the dungeon
  682: attained the rank of Field Worker (level 3)
 1103: entered the Gnomish Mines
 1447: killed by a gas spore's explosion

You didn't know any spells.

Skills:
 Fighting Skills
   bare handed combat [Unskilled]
   two weapon combat  [Unskilled]
   riding             [Unskilled]
 Weapon Skills
   dagger             [Unskilled]
   knife              [Unskilled]
   pick-axe           [Basic]
   short sword        [Unskilled]
   saber              [Unskilled]
   club               [Unskilled]
   quarterstaff       [Unskilled]
   sling              [Unskilled]
   dart               [Unskilled]
   boomerang          [Unskilled]
   whip               [Basic]
   unicorn horn       [Unskilled]
 Spellcasting Skills
   attack spells      [Unskilled]
   healing spells     [Unskilled]
   divination spells  [Unskilled]
   matter spells      [Unskilled]

Voluntary challenges:
 Character rerolling was not enabled.
 You were an atheist.
 You never genocided any monsters.
 You never polymorphed an object.
 You never changed form.
 You used no wishes.
Achievements:
 You entered a shop.
 You attained the rank of Field Worker.
 You entered the Gnomish Mines.

 The Dungeons of Doom: levels 1 to 3
    Level 1:
    Level 2:
       A fountain.
       Stairs down to The Gnomish Mines.
    Level 3:
       A ring shop, a fountain.
 The Gnomish Mines:
    Level 3: <- You were here.
       Final resting place for
          you, killed by a gas spore's explosion.


Vanquished creatures:
  2 dwarf zombies
  2 iguanas
 an acid blob
  a gas spore
  2 cave spiders
  a yellow mold
  2 geckos
  a jackal
  a fox
  a kobold
  3 goblins
  3 sewer rats
  a grid bug
  2 lichens
  a kobold zombie
  3 newts
27 creatures vanquished.

No species were genocided or became extinct.

Game over:
                       ----------
                      /          \
                     /    REST    \
                    /      IN      \
                   /     PEACE      \
                  /                  \
                  |    ArrBianca     |
                  |      28 Au       |
                  | killed by a gas  |
                  |     spore's      |
                  |    explosion     |
                  |                  |
                  |       2026       |
                 *|     *  *  *      | *
        _________)/\\_//(\/(/\)/\//\/|_)_______

Goodbye ArrBianca the Archeologist...

You died in The Gnomish Mines on dungeon level 3 with 422 points,
and 28 pieces of gold, after 1447 moves.
You were level 3 with a maximum of 27 hit points when you died.

